 Dungeon Crawl Stone Soup version 0.28-a0-514-g0d7ab7f379 (webtiles) character file.

Game seed: 3380985648014233867

0 meatgazer the Skirmisher (level 1, -9/18 HPs)
             Began as a Demonspawn Abyssal Knight on Sept 22, 2021.
             Was a Follower of Lugonu.
             Mangled by an ancient zyme (12 damage)
             ... on level 2 of the Abyss.
             The game lasted 00:00:50 (124 turns).

meatgazer the Skirmisher (Demonspawn Abyssal Knight) Turns: 124, Time: 00:00:50

Health: -9/18      AC:  3    Str: 13    XL:     1   Next: 0%
Magic:  2/2        EV: 11    Int: 11    God:    Lugonu [*.....]
Gold:   105        SH:  0    Dex: 13    Spells: 0/0 levels left

rFire   . . .      SeeInvis .   a - +1 spear
rCold   . . .      Faith    .   (no shield)
rNeg    . . .      Spirit   .   b - +0 leather armour
rPois   .          Reflect  .   (no helmet)
rElec   .          Harm     .   (no cloak)
rCorr   .          Rampage  .   (no gloves)
Will    .....                   (no boots)
Stlth   +.........              (no amulet)
HPRegen 0.06/turn               (no ring)
MPRegen 0.08/turn               (no ring)

@: weak-willed
A: no striking features
a: Renounce Religion, Depart the Abyss


You were on level 2 of the Abyss.
You worshipped Lugonu.
Lugonu was aware of your devotion.
You visited 0 branches of the dungeon, and saw 0 of its levels.
You visited the Abyss 1 time.

You collected 105 gold pieces.

Inventory:

Hand Weapons
 a - a +1 spear (weapon)
Armour
 b - a +0 leather armour (worn)
Scrolls
 d - a scroll of blinking {unknown}


   Skills:
 + Level 3.0 Fighting
 + Level 1.7 Polearms
 + Level 1.7 Armour
 + Level 0.8 Dodging
 + Level 2.4 Invocations


You couldn't memorise any spells.
You didn't know any spells.
Your spell library was empty.

Dungeon Overview and Level Annotations

Branches:
Dungeon (0/15)

Altars:


Message History

Welcome, meatgazer the Demonspawn Abyssal Knight.
Will you prevail where others failed? Will you find the Orb of Zot?
Lugonu says: Depart the Abyss and spread corruption, my servant! (use the ability menu to exit the Abyss) Press ? for a list of commands and other information.
Found a corrupted altar of Lugonu.
Found a gateway leading out of the Abyss.
There is a gateway leading out of the Abyss here.
You now have 6 gold pieces.
Found a gateway leading deeper into the Abyss.
There is a gateway leading deeper into the Abyss here.
You plunge deeper into the Abyss.
c - a scroll labelled CYRRAN RAOSKEI
d - a scroll labelled BIG ATOKKI You now have 57 gold pieces (gained 51).
You now have 65 gold pieces (gained 8).
Found 27 stones.
You now have 88 gold pieces (gained 23).
You now have 105 gold pieces (gained 17).
A large abomination comes into view.
A tentacled starspawn comes into view.
A tentacle flies out from the starspawn's body!
A starspawn tentacle comes into view.
A starspawn tentacle comes into view.
The starspawn tentacle grabs you. The starspawn tentacle constricts you.
You escape the starspawn tentacle's grasp.
Found 19 bolts.
An ancient zyme comes into view.
You feel yourself growing ill in the presence of the ancient zyme.
A ynoxinul comes into view.
The ynoxinul gestures.
The ufetubus shouts!
The ancient zyme barely misses you. The ancient zyme hits you!
Ouch! That really hurt!
* * * LOW HITPOINT WARNING * * *
As you read the scroll labelled CYRRAN RAOSKEI, it crumbles to dust.
Magic quickly surges around you.
It was a scroll of vulnerability.
The large abomination barely misses you.
The ancient zyme hits you!
Ouch! That really hurt!
You die...

.# ##.#. . ## ...
.## .# #.. #... .
#.. .. ## # .. #
... # ###.. .
.#.#.#..# .#....##.
# # . ### ....#..##
# .#. ##.#.5#..# #.
..##..# ....#5x@# #
#. .##..#
#...3#X#(.###. ###.
#..#....#.#.##.##..
. # #.#.##...#.##
.##.## #... ##.##.#
#.... ##...##.#
.###..##
..#....#.##.. .#ยง#
.. #...#.###.. .#
.......###..###.
#..#


You could see an ancient zyme (weak-willed), a large abomination (weak-willed),
a ynoxinul (weak-willed) and 2 ufetubi.

Vanquished Creatures (others)
  2 starspawn tentacles (Abyss:2)
2 creatures vanquished.

Notes
Turn   | Place    | Note
-------+----------+-------------------------------------------
     0 | Abyss:1  | meatgazer the Demonspawn Abyssal Knight began the quest for
                  | the Orb.
     0 | Abyss:1  | Reached XP level 1. HP: 18/18 MP: 2/2
   107 | Abyss:2  | Noticed a large abomination
   112 | Abyss:2  | Noticed a tentacled starspawn
   119 | Abyss:2  | Noticed an ancient zyme
   120 | Abyss:2  | Noticed a ynoxinul
   124 | Abyss:2  | Mangled by an ancient zyme

Illustrated notes

Levels and vault maps discovered:
Abyss:2:  base: Temple, patterned_corridor, bh_abyss_negative

Action                   || total
-------------------------++-------
  Use: Scroll            ||     1
Dodge: Dodged            ||     2

Table legend: (Time is in decaauts)
 A = Elapsed time spent in this place.
 B = Non-inter-level travel time spent in this place.
 C = Inter-level travel time spent in this place.
 D = Time resting spent in this place.
 E = Time spent auto-exploring this place.
 F = Levels seen in this place.
 G = Mean time per level.
                   A        B        C        D        E       F      G
               +--------+--------+--------+--------+--------+-----+--------+
         Total |    123 |    123 |      0 |      0 |     96 |   2 |   61.5 |
         Abyss |    123 |    123 |      0 |      0 |     96 |   2 |   61.5 |
               +--------+--------+--------+--------+--------+-----+--------+

Top non-repeatable levels by time:
 Abyss:2: 92 daAuts
 Abyss:1: 31 daAuts
